 Dungeon Crawl Stone Soup version 0.18-a0-1028-g6e46bd4 (webtiles) character file.

3159 Leibowitz the Ducker (level 9, -3/75 HPs)
             Began as a Demigod Fighter on Jan 9, 2016.
             Slain by Erica
             ... wielding a +4 scimitar of flaming
              (4 damage)
             ... on level 8 of the Dungeon.
             The game lasted 00:22:26 (9503 turns).

Leibowitz the Ducker (Demigod Fighter)              Turns: 9503, Time: 00:22:26

Health: -3/75      AC:  1    Str: 24    XL:     9   Next: 36%
Magic:  21/21      EV: 13    Int: 12    God:
Gold:   59         SH: 16    Dex: 21    Spells: 0 memorised, 8 levels left

rFire  . . .     SeeInvis .     a - +5 quick blade
rCold  . . .     Gourm    .     j - +0 robe
rNeg   . . .     Faith    .     E - +0 large shield
rPois  +         Spirit   .     (no helmet)
rElec  .         Dismiss  .     (no cloak)
rCorr  .         Reflect  .     (no gloves)
SustAt +         Harm     .     (no boots)
MR     .....     Clarity  +     q - amulet of rage
Stlth  +++.......               (no ring)
                                e - ring of magical power

@: mighty, not resistant to hostile enchantments, fairly stealthy
A: clarity, deformed body, high mp 1, poison resistance, sustain attributes
a: Evoke Berserk Rage


You were on level 8 of the Dungeon.
You were not hungry.

You visited 2 branches of the dungeon, and saw 9 of its levels.

You collected 344 gold pieces.
You spent 285 gold pieces at shops.

Inventory:

Hand Weapons
 a - a +5 quick blade (weapon)
 z - a +0 scimitar
 D - a +1 long sword
Missiles
 C - 21 poisoned needles
Armour
 j - a +0 robe (worn)
 E - a +0 large shield (worn)
Jewellery
 e - a ring of magical power (left hand)
 o - an uncursed ring of teleportation
 q - an amulet of rage (around neck)
Wands
 c - a wand of slowing (9/48)
 k - a wand of teleportation (6/9)
 p - a wand of fire (0/15)
 u - a wand of frost (15/48)
Scrolls
 l - a scroll of teleportation
 r - a scroll of remove curse
 s - a scroll of amnesia
 w - a scroll of enchant armour
 x - 4 scrolls of identify
 y - 3 scrolls of enchant weapon
 A - a scroll of fear
Potions
 b - 5 potions of curing
 d - a potion of might
 i - 2 potions of cancellation
 m - a potion of magic
 B - a potion of resistance
Comestibles
 f - 8 bread rations
 g - 4 beef jerkies
 h - 6 meat rations
 n - 7 slices of pizza
 t - 2 fruits


   Skills:
 * Level 5.7 Fighting
 + Level 0.1(3.1) Short Blades
 * Level 5.1 Long Blades
 * Level 5.3 Armour
 * Level 6.1 Dodging
 * Level 3.9 Stealth
 * Level 6.0 Shields
 + Level 0.5 Evocations


You had 8 spell levels left.
You didn't know any spells.

Dungeon Overview and Level Annotations

Branches:
Dungeon (8/15)             Temple (1/1) D:5
   Lair: D:8-11

Shops:
D:7 (

Annotations:
D:8 Erica


Innate Abilities, Weirdness & Mutations

You have an increased reservoir of magic (+10% MP).
Your attributes are resistant to harm.
You possess an exceptional clarity of mind.
Armour fits poorly on your strangely shaped body.
Your system is resistant to poisons.


Message History

You closely miss Erica.
Erica is heavily wounded.
You hit Erica but do no damage.
Erica is heavily wounded.
Erica screams, "Do you want it fast or slow?!"
Erica points at you and mumbles some strange words.
You resist with some effort.
You hit Erica.
Erica is heavily wounded.
You hit Erica.
Erica is heavily wounded.
Erica hits you with a scimitar of flaming!
Erica burns you.
* * * LOW HITPOINT WARNING * * *
Drink which item? (? for menu, Esc to quit)
You feel very mighty all of a sudden.
Erica hits you with a scimitar of flaming!!
* * * LOW HITPOINT WARNING * * *
Erica burns you.
You die...

.. ###.# ....##+#
#......# #......###
#.........
#.#####.@.......
#..$....@.......
#####.......#########
#.####### #....#
#####'##### #....#
#.........### #....#
#.........#.# #....#
#.........#.# #....#
#.........#.# ##....#
#.........#.# #.)...#


You could see Erica.

Vanquished Creatures
  Joseph (D:7)
  A wyvern (D:7)
  A hog (D:7)
  A human (D:7)
  A sky beast (D:7)
  An ice beast (D:7)
  A phantom (D:4)
  A black bear (D:7)
  2 ogres
  A wasp (D:7)
  4 centaurs
  2 giant frogs (D:7)
  2 scorpions
  8 wights
  4 crimson imps
  2 giant frog zombies
  2 quasits
  A giant frog skeleton (D:5)
  A centaur skeleton (D:6)
  A gnoll shaman (D:6)
  3 hounds
  2 orc wizards
  2 iguanas
  4 worker ants
  3 sheep (D:7)
  2 hound zombies
  5 adders
  3 gnolls
  2 shadow imps
  An ooze (D:3)
  3 adder skeletons
  2 worms (D:2)
  4 giant geckos
  14 orcs
  5 giant cockroaches
  14 goblins
  11 hobgoblins
  8 jackals
  13 kobolds
  2 quokkas (D:5)
  A ball python (D:1)
  7 bats
  A giant cockroach zombie (D:6)
  A giant gecko skeleton (D:4)
  3 giant newts
  7 rats
161 creatures vanquished.

Notes
Turn   | Place    | Note
--------------------------------------------------------------
     0 | D:1      | Leibowitz the Demigod Fighter began the quest for the Orb.
     0 | D:1      | Reached XP level 1. HP: 18/18 MP: 3/3
   337 | D:1      | Reached skill level 3 in Fighting
   337 | D:1      | Reached XP level 2. HP: 24/26 MP: 4/4
   877 | D:2      | Reached XP level 3. HP: 22/31 MP: 5/5
  1012 | D:2      | Found a deep blue altar of Sif Muna.
  1254 | D:2      | Found a sacrificial altar of Ru.
  1440 | D:2      | Found a shadowy altar of Dithmenos.
  1462 | D:2      | Found a blossoming altar of Fedhas.
  1648 | D:2      | Reached skill level 1 in Dodging
  2139 | D:3      | Reached XP level 4. HP: 38/38 MP: 6/6
  2741 | D:4      | Reached skill level 1 in Stealth
  2741 | D:4      | Reached XP level 5. HP: 34/45 MP: 7/7
  2779 | D:4      | Noticed a phantom
  2833 | D:4      | Killed a phantom
  3175 | D:4      | Noticed a centaur
  3192 | D:4      | Killed a centaur
  3192 | D:4      | Reached XP level 6. HP: 29/52 MP: 8/8
  3291 | D:4      | Found a burning altar of Makhleb.
  3634 | D:5      | Entered Level 5 of the Dungeon
  4408 | D:5      | Reached skill level 4 in Shields
  4408 | D:5      | Reached XP level 7. HP: 22/58 MP: 9/9
  4891 | D:5      | Found a staircase to the Ecumenical Temple.
  4897 | Temple   | Entered the Ecumenical Temple
  6055 | D:6      | Reached XP level 8. HP: 20/66 MP: 11/11
  6278 | D:6      | Found a basalt altar of Yredelemnul.
  6336 | D:6      | Found a white marble altar of Elyvilon.
  6534 | D:6      | Gained mutation: You possess an exceptional clarity of mind. [potion of mutation]
  6534 | D:6      | Gained mutation: Armour fits poorly on your strangely shaped body. [potion of mutation]
  6534 | D:6      | Gained mutation: Your system is resistant to poisons. [potion of mutation]
  7342 | D:7      | Reached skill level 5 in Shields
  7919 | D:7      | Reached skill level 5 in Fighting
  7919 | D:7      | Reached skill level 5 in Armour
  7958 | D:7      | Found a shimmering altar of Xom.
  7958 | D:7      | Found a shimmering altar of Xom.
  7959 | D:7      | Found a shimmering altar of Xom.
  7960 | D:7      | Found Doestruab's Antique Weapon Shop.
  7987 | D:7      | Reached skill level 5 in Dodging
  8244 | D:7      | Bought a runed quick blade for 285 gold pieces
  8713 | D:7      | Reached XP level 9. HP: 31/74 MP: 12/12
  8953 | D:7      | Noticed Joseph
  9009 | D:7      | Killed Joseph
  9009 | D:7      | Reached skill level 5 in Long Blades
  9009 | D:7      | Reached skill level 6 in Dodging
  9484 | D:8      | Noticed Erica
  9503 | D:8      | HP: 1/75 [Erica/scimitar of flaming (19)]
  9503 | D:8      | Slain by Erica

Vault maps used:
D:1:      onia_arrival_mini_maze_b
D:2:      lemuel_doored_altar, grunt_temple_overflow_open, serial_glass,
          glass_columns_a, glass_columns_b, fedhas_altar_3
D:3:      serial_park_tiny_1, kennysheep_generic_room_9
D:4:      first_bread, minmay_fountain_box, makhleb_heckhound_becter
D:5:      minmay_temple_entry_enclosed_plants
D:6:      kennysheep_ying_yang
D:7:      serial_shops, shop, grunt_livestock, xom_redecorated, uniq_joseph
D:8:      lair_0_dummy, serial_co_window_serial, co_window_paths_a,
          co_window_paths_a, co_window_of_opportunity_a, co_window_corner_a,
          co_window_corner_a, co_window_corner_a, co_window_paths_a,
          co_window_2corner, co_window_2corner, co_window_2corner,
          co_window_unsneaky_path_e, co_window_corner_ca, co_window_broadway_b,
          glass_columns_a, uniq_erica
Temple:   circular_temple_12

Action                   |  1- 3 |  4- 6 |  7- 9 || total
-------------------------+-------+-------+-------++-------
Melee: Long sword        |   219 |   155 |   185 ||   559
       Scimitar          |       |       |    41 ||    41
       Quick blade       |       |       |   137 ||   137
Throw: Throwing net      |       |     1 |     3 ||     4
 Abil: Evoke Berserk Rag |       |       |     1 ||     1
Evoke: Wand              |       |       |    13 ||    13
  Use: Scroll            |     8 |     4 |     2 ||    14
       Potion            |     5 |     3 |     5 ||    13
 Stab: Sleeping          |     2 |     4 |     1 ||     7
       Held in net/web   |       |     2 |     1 ||     3
       Distracted        |       |       |     1 ||     1
  Eat: Chunk             |     4 |     8 |    15 ||    27
       Fruit             |       |       |     2 ||     2
